 Dungeon Crawl Stone Soup version 0.31-a0-692-gf03d1854d5 (webtiles) character file.

Game seed: 6658077364409292

70 qw the Shooter (level 4, 0/28 HPs)
             Began as a Gargoyle Hunter on Sept 6, 2023.
             Slain by an orc priest
             ... wielding a +0 flail
              (3 damage)
             ... on level 3 of the Dungeon.
             The game lasted 00:00:45 (2264 turns).

qw the Shooter (Gargoyle Hunter)                    Turns: 2264, Time: 00:00:46

Health: 0/28       AC: 11    Str: 15    XL:     4   Next: 22%
Magic:  4/4        EV: 11    Int:  9    God:
Gold:   169        SH:  0    Dex: 15    Spells: 3/3 levels left

rFire   + + .        Y - +0 shortbow
rCold   . . .        (shield currently unavailable)
rNeg    + . .        h - +2 ring mail {rF+}
rPois   inf          b - +0 helmet
rElec   +            (no cloak)
rCorr   .            (no gloves)
SInv    .            (no boots)
Will    .....        (no amulet)
Stlth   +            e - ring of protection from fire
HPRegen 0.24/turn    (no ring)
MPRegen 0.09/turn

%: no passive effects
@: no status effects
A: sickness immunity, AC +3, negative energy resistance 1, electricity
resistance, torment resistance 1, petrification resistance
a: no special abilities


You were on level 3 of the Dungeon.
You visited 1 branch of the dungeon, and saw 3 of its levels.

You collected 169 gold pieces.


Innate Abilities, Weirdness & Mutations

You are immune to sickness and miasma.
Your stone body is resilient. (AC +3)
You are immune to poison.
You resist negative energy. (rN+)
You are resistant to electric shocks. (rElec)
You are resistant to unholy torment.
You are immune to petrification.


   Skills:
 - Level 3.1 Fighting
 + Level 5.0 Ranged Weapons
 - Level 1.0 Armour
 - Level 1.5 Dodging
 - Level 1.1 Stealth


You had 3 spell levels left.
You didn't know any spells.
Your spell library was empty.

Inventory:

Hand Weapons
 Y - a +0 shortbow (weapon)
Armour
 b - a +0 helmet (worn)
 f - a +0 pair of boots
 h - a +2 ring mail of fire resistance (worn)
Jewellery
 e - a ring of protection from fire (left hand)
Scrolls
 d - 2 scrolls of identify
 j - a scroll of noise {unknown}
 k - a scroll of vulnerability {unknown}
 l - a scroll of amnesia {unknown}
Potions
 a - a potion of degeneration {unknown}
 c - 4 potions of mutation {unknown}
 g - a potion of enlightenment {unknown}
 i - a potion of magic {unknown}

Dungeon Overview and Level Annotations

Branches:
Dungeon (3/15)

Altars:
Gozag
Kikubaaqudgha
Makhleb
Xom


Message History

You shoot an arrow.
The arrow hits the orc but does no damage.
The orc hits you with a +0 short sword.
You shoot an arrow. The arrow barely misses the orc.
The orc hits you but does no damage. The orc hits you with a +0 short sword.
The orc priest barely misses you.
You shoot an arrow. The arrow hits the orc priest.
The orc priest is moderately wounded.
The orc barely misses you.
The orc priest hits you with a +0 flail.
You shoot an arrow. The arrow hits the orc priest.
The orc priest is moderately wounded.
The orc hits you but does no damage. The orc priest closely misses you.
You shoot an arrow.
The arrow hits the orc priest but does no damage.
The orc priest is moderately wounded.
The orc barely misses you.
The orc priest hits you with a +0 flail.
You shoot an arrow. The arrow hits the orc priest!
The orc priest is severely wounded.
The orc hits you with a +0 short sword.
The orc priest hits you with a +0 flail.
The orc hits you but does no damage. The orc priest barely misses you.
You shoot an arrow.
The arrow hits the orc priest but does no damage.
The orc priest is severely wounded.
The orc hits you with a +0 short sword.
The orc priest miscasts a cantrip.
You shoot an arrow.
The arrow closely misses the orc priest.
The orc barely misses you.
The orc priest looks encouraged for a moment.
You shoot an arrow.
The arrow hits the orc priest but does no damage.
The orc priest is severely wounded.
The orc hits you but does no damage.
The orc priest hits you but does no damage.
The orc misses you.
The orc priest hits you with a +0 flail.
You die...

#.#.###..##.......
#.............#.#...
.#.#......##.#.#...
...................
#.#.......##.#.....
#.#)####..##.###...
##.#.####..##.###...
#..oo..<............
#.@.?..............
###.####..###.###..
#.......# #.# #..
#######.# #.# #..
##########.###.###..
#...................
#######.............
####.#######.# #.#
#.#


You could see an orc priest and an orc.

Vanquished Creatures
  An adder (D:3)
  2 worms (D:2)
  3 dart slugs
  An orc (D:3)
  3 endoplasms
  2 giant cockroaches
  4 goblins
  7 hobgoblins
  7 kobolds
  2 quokkas
  3 ball pythons
  2 bats
  2 frilled lizards
  6 rats
45 creatures vanquished.

Notes
Turn   | Place    | Note
-------+----------+-------------------------------------------
     0 | D:1      | qw the Gargoyle Hunter began the quest for the Orb.
     0 | D:1      | Reached XP level 1. HP: 12/12 MP: 1/1
     0 | D:1      | 0 ||| qw: Version: 0.3-a-76-g4403597
     0 | D:1      | 0 ||| qw: Game counter: 171
     0 | D:1      | 0 ||| qw: Melee chars always use a shield: true
     0 | D:1      | 0 ||| qw: God list: Okawaru
     0 | D:1      | 0 ||| qw: Allow faded altars: false
     0 | D:1      | 0 ||| qw: Do Orc after clearing Dungeon:15 true
     0 | D:1      | 0 ||| qw: Do second Lair branch before Depths: true
     0 | D:1      | 0 ||| qw: Lair rune preference: random
     0 | D:1      | 0 ||| qw: Goals: Normal
     0 | D:1      | 0 ||| PLANNING D:1-11
   319 | D:1      | Reached XP level 2. HP: 12/17 MP: 2/2
   753 | D:1      | 753 ||| UPGRADING to +2 ring mail of fire resistance.
   763 | D:1      | 763 ||| DROPPING +0 leather armour.
   764 | D:1      | 764 ||| UPGRADING to ring of protection from fire.
   765 | D:1      | 765 ||| READING scroll labelled DUSAHAGUQA.
   776 | D:1      | 776 ||| READING scroll labelled METHU FIEDIOC.
   777 | D:1      | 777 ||| READING scroll labelled OXTUJULIDD.
   778 | D:1      | 778 ||| READING scroll labelled JOQUROASHOSO.
   779 | D:1      | 779 ||| DROPPING scroll of butterflies.
   943 | D:2      | Reached skill level 1 in Armour
   962 | D:2      | Reached XP level 3. HP: 21/21 MP: 3/3
  1049 | D:2      | Reached skill level 5 in Ranged Weapons
  1495 | D:2      | 1495 ||| UPGRADING to +0 helmet.
  1500 | D:2      | 1500 ||| READING scroll labelled PIOTOANUCW.
  1501 | D:2      | 1501 ||| READING scroll labelled JYKIUN ROPT.
  1804 | D:3      | Reached skill level 3 in Fighting
  1804 | D:3      | Reached XP level 4. HP: 27/28 MP: 4/4
  1845 | D:3      | Found a burning altar of Makhleb.
  1857 | D:3      | Found an ancient bone altar of Kikubaaqudgha.
  1860 | D:3      | Found an opulent altar of Gozag.
  1863 | D:3      | Found a shimmering altar of Xom.
  2258 | D:3      | HP: 7/28 [orc priest/+0 flail (2)]
  2261 | D:3      | HP: 3/28 [orc priest/+0 flail (1)]
  2264 | D:3      | Slain by an orc priest

Levels and vault maps discovered:
D:1:      lemuel_arrival_behind_the_door_large, layout_basic,
          nrook_mini_backslash, minmay_cupped
D:2:      layout_basic, uniq_crazy_yiuf_cottage
D:3:      layout_basic, grunt_temple_overflow_cloverleaf, serial_glass,
          glass_columns_a, glass_columns_a, minmay_misc_feat_cross,
          hangedman_decor_clover_reticule, serial_bayou_pond_e,
          nicolae_kite_square_tiling_tiny

Skill      XL: |  1  2  3 |
---------------+----------+-----
Armour         | 1 |  1.0
Ranged Weapons | 5 |  5.0
Fighting       | 3 |  3.1
Dodging        | |  1.5
Stealth        | |  1.1

Action                     |  1- 3 |  4- 6 || total
---------------------------+-------+-------++-------
   Fire: Shortbow          |   157 |    21 ||   178
    Use: Scroll            |     6 |       ||     6
 Armour: Leather armour    |     2 |       ||     2
         Ring mail         |    35 |    14 ||    49
  Dodge: Dodged            |    32 |     8 ||    40

Table legend:
 A = Non-vault XP
 B = Vault XP
 C = Vault XP percentage of total XP
 D = Non-vault monster count
 E = Vault monster count
 F = Vault count percentage of total count
                 A         B        C        D         E       F
            +---------+---------+-------+---------+---------+-------
      Total |      98 |       3 |   3.0 |      43 |       2 |   4.4
            +---------+---------+-------+---------+---------+-------
        D:1 |      19 |       3 |  13.6 |      11 |       2 |  15.4
        D:2 |      45 |       0 |   0.0 |      21 |       0 |   0.0
        D:3 |      34 |       0 |   0.0 |      11 |       0 |   0.0
            +---------+---------+-------+---------+---------+-------
